 Dungeon Sprint DCSS version 0.27-a0-263-gc8dee61f84 (webtiles) character file.

Game seed: 11127384263108753493

1584 mhtbhm the Cleaver (level 8, -4/120 HPs)
             Began as a Minotaur Fighter on Feb 5, 2021.
             Was a High Priest of Trog.
             Slain by a skeletal warrior
             ... wielding a +2 short sword of draining
             ... led by a skeletal warrior
              (11 damage)
             ... in the Dungeon (Sprint VII: "The Pits").
             The game lasted 00:01:32 (936 turns).

mhtbhm the Cleaver (Minotaur Fighter)                Turns: 936, Time: 00:01:33

Health: -4/120     AC: 12    Str: 22    XL:     8   Next: 61%
Magic:  7/7        EV: 12    Int:  5    God:    Trog [*****.]
Gold:   0          SH: 12    Dex: 11    Spells: 7/7 levels left

rFire    . . .     SeeInvis .   a - +1 hand axe (freeze)
rCold    . . .     Faith    .   c - +0 kite shield
rNeg     . . .     Spirit   .   b - +3 scale mail
rPois    .         Reflect  .   (helmet restricted)
rElec    .         Harm     .   (no cloak)
rCorr    .         Rampage  .   (no gloves)
Will     .....     NoTele   +   (no boots)
Stlth    ..........             (no amulet)
HPRegen  0.30/turn              (no ring)
MPRegen  0.10/turn              (no ring)

@: berserking (expiring), very quick
A: retaliatory headbutt, horns 2
a: Renounce Religion, Berserk, Trog's Hand, Brothers in Arms


You were in the Dungeon.
You worshipped Trog.
Trog was extremely pleased with you.
You visited 1 branch

Inventory:

Hand Weapons
 a - a +1 hand axe of freezing (weapon)
Armour
 b - a +3 scale mail (worn)
 c - a +0 kite shield (worn)
Scrolls
 j - a scroll of blinking
 l - 3 scrolls of remove curse
 m - a scroll of summoning
Potions
 d - a potion of might
 e - 6 potions of curing
 f - 6 potions of heal wounds
 g - a potion of haste
 h - 4 potions of magic
 i - 3 potions of berserk rage
 k - 2 potions of invisibility


   Skills:
 + Level 10.4 Fighting
 + Level 11.8 Axes
 + Level 11.4 Armour
 + Level 6.7 Dodging
 + Level 1.0 Stealth
 + Level 11.6 Shields


You had 7 spell levels left.
You didn't know any spells.
Your spell library was empty.

Dungeon Overview and Level Annotations

Branches:
Dungeon (1/1)

Altars:
Cheibriados
Dithmenos
Elyvilon
Fedhas
Gozag
Hepliaklqana
Makhleb
Nemelex Xobeh
Okawaru
Qazlal
Ru
Sif Muna
Trog
Vehumet
Wu Jian
Xom
Yredelemnul
Zin
The Shining One
Beogh
Jiyva
Lugonu


Innate Abilities, Weirdness & Mutations

You reflexively headbutt those who attack you in melee.
You have a pair of horns on your head.


Message History

The skeletal warrior hits you but does no damage.
You feel drained.
The skeletal warrior closely misses you.
Your life force feels restored.
Your Fighting skill increases to level 10!
Your Axes skill increases to level 11!
Your Armour skill increases to level 11!
Your Dodging skill increases to level 6!
Your Stealth skill increases to level 1!
You slash the skeletal warrior!
The skeletal warrior is lightly damaged.
You hit the skeletal warrior. You closely miss the skeletal warrior.
The skeletal warrior closely misses you.
You hit the skeletal warrior.
The skeletal warrior is lightly damaged.
You hit the skeletal warrior but do no damage.
You barely miss the skeletal warrior.
The skeletal warrior hits you but does no damage.
The skeletal warrior hits you with a +2 short sword of draining!
You die...

#.#####'#####...<...#
#.#...)))[.##.......#
#.#...)))[.##.......#
#'###########.......#
#.†.....#..##########
#.).#...#†######
#..)#...#.#....#
#.##)##.#)#z)..#
#...#)..#.'@z..+
#...#...#)#)z..#
#......)).#....#
################


You could see 3 skeletal warriors.

Vanquished Creatures
  A skeletal warrior (D)
  A flying skull (D)
  A ynoxinul (D)
  A spriggan (D)
  An orc warrior (D)
  A necrophage (D)
  2 big kobolds (D)
  A gnoll sergeant (D)
  A quasit (D)
  A gnoll shaman (D)
  An iron imp (D)
  Jessica (D)
  A worker ant (D)
  A mummy (D)
  3 gnolls (D)
  2 adders (D)
  An ufetubus (D)
  3 orcs (D)
  A bat (D)
  A bat zombie (D)
  2 goblins (D)
  A hobgoblin (D)
  A quokka (D)
  A frilled lizard (D)
31 creatures vanquished.

Notes
Turn   | Place    | Note
-------+----------+-------------------------------------------
     0 | D        | mhtbhm the Minotaur Fighter began the quest for the Orb.
     0 | D        | Reached XP level 1. HP: 19/19 MP: 0/0
    22 | D        | Found a bloodstained altar of Trog.
    22 | D        | Found a shimmering blue altar of Sif Muna.
    22 | D        | Found a viscous altar of Jiyva.
    22 | D        | Found a hazy altar of Hepliaklqana.
    22 | D        | Found an opulent altar of Gozag.
    23 | D        | Found a glowing golden altar of the Shining One.
    23 | D        | Found a glowing silver altar of Zin.
    23 | D        | Found a basalt altar of Yredelemnul.
    23 | D        | Found a shimmering altar of Xom.
    23 | D        | Found an ornate altar of the Wu Jian Council.
    23 | D        | Found a sacrificial altar of Ru.
    23 | D        | Found a stormy altar of Qazlal.
    23 | D        | Found an iron altar of Okawaru.
    23 | D        | Found a sparkling altar of Nemelex Xobeh.
    23 | D        | Found a burning altar of Makhleb.
    23 | D        | Found a blossoming altar of Fedhas.
    23 | D        | Found a white marble altar of Elyvilon.
    23 | D        | Found a shadowy altar of Dithmenos.
    23 | D        | Found a snail-covered altar of Cheibriados.
    25 | D        | Found a radiant altar of Vehumet.
    25 | D        | Found a corrupted altar of Lugonu.
    25 | D        | Found a roughly hewn altar of Beogh.
    27 | D        | Became a worshipper of Trog the Wrathful
    65 | D        | Reached XP level 2. HP: 28/28 MP: 1/1
    73 | D        | Reached * piety under Trog
    74 | D        | Reached skill level 5 in Fighting
    74 | D        | Reached skill level 5 in Armour
    74 | D        | Reached skill level 1 in Dodging
    74 | D        | Reached skill level 5 in Shields
    74 | D        | Reached XP level 3. HP: 20/36 MP: 2/2
   345 | D        | Noticed an orc warrior
   349 | D        | Reached ** piety under Trog
   355 | D        | HP: 2/54 [orc warrior/+0 hand axe (17)]
   356 | D        | Killed an orc warrior
   356 | D        | Reached *** piety under Trog
   357 | D        | Reached skill level 5 in Axes
   357 | D        | Reached XP level 4. HP: 2/45 MP: 3/3
   357 | D        | Reached XP level 5. HP: 3/51 MP: 4/4
   661 | D        | Noticed a necrophage
   661 | D        | Noticed a flying skull
   667 | D        | Reached **** piety under Trog
   671 | D        | Killed a flying skull
   672 | D        | Reached XP level 6. HP: 61/61 MP: 5/5
   677 | D        | Reached ***** piety under Trog
   678 | D        | Reached XP level 7. HP: 69/69 MP: 6/6
   760 | D        | Received a gift from Trog
   761 | D        | Reached skill level 10 in Armour
   761 | D        | Reached skill level 10 in Shields
   763 | D        | Noticed a spriggan
   769 | D        | Killed a spriggan
   770 | D        | Reached skill level 5 in Dodging
   909 | D        | Reached skill level 10 in Axes
   919 | D        | Noticed Jessica
   919 | D        | Noticed a skeletal warrior
   919 | D        | Noticed a skeletal warrior
   919 | D        | Noticed a skeletal warrior
   919 | D        | Noticed a ynoxinul
   919 | D        | Noticed a skeletal warrior
   926 | D        | Killed a ynoxinul
   927 | D        | Reached XP level 8. HP: 77/79 MP: 7/7
   928 | D        | Killed Jessica
   934 | D        | Killed a skeletal warrior
   935 | D        | Reached skill level 10 in Fighting
   935 | D        | Reached skill level 1 in Stealth
   936 | D        | Slain by a skeletal warrior

Illustrated notes

Levels and vault maps discovered:
D:        pitsprint [storerooms_1, entrance_room_1, metal_vault_1, armoury_3,
          mini_pit_1, grid_room_1, main_hall_1, silver_pit, the_coven_1,
          the_vestibule_1, steel_vault_2, golden_pit, hallway_of_sentries,
          crystal_vault_5, iron_vault_1, final_vault]

Skill      XL: |  1  2  3  4  5  6  7  8 |
---------------+-------------------------+-----
Armour         | 4 5 7 9 10 11 | 11.4
Fighting       | 4 5 6 8 9 10 | 10.4
Shields        | 4 5 7 9 11 | 11.6
Axes           | 3 5 7 8 10 11 | 11.8
Dodging        | 1 2 3 4 5 6 |  6.7
Stealth        | 1 |  1.0

Action                   |  1- 3 |  4- 6 |  7- 9 || total
-------------------------+-------+-------+-------++-------
Melee: War axe           |     4 |       |       ||     4
       Hand axe          |    22 |    15 |    51 ||    88
       Headbutt          |     2 |     2 |    10 ||    14
Invok: Berserk           |     1 |     1 |     1 ||     3
Armor: Scale mail        |    13 |     8 |     7 ||    28
Dodge: Dodged            |     7 |     8 |    12 ||    27
Block: Kite shield       |    18 |    12 |    26 ||    56

Table legend: (Time is in decaauts)
 A = Elapsed time spent in this place.
 B = Non-inter-level travel time spent in this place.
 C = Inter-level travel time spent in this place.
 D = Time resting spent in this place.
 E = Time spent auto-exploring this place.
 F = Levels seen in this place.
 G = Mean time per level.
                   A        B        C        D        E       F      G
               +--------+--------+--------+--------+--------+-----+--------+
         Total |    953 |    953 |      0 |    563 |    101 |   1 |  953.0 |
       Dungeon |    953 |    953 |      0 |    563 |    101 |   1 |  953.0 |
               +--------+--------+--------+--------+--------+-----+--------+

Top non-repeatable levels by time:
       D: 953 daAuts
